ESL (28 & UNDER)
NEWARK BULLDOGS @ RIO GRANDE RATTLESNAKE
08/03/2028
 
TOP OF THE 1ST
Newark Bulldogs batting - Pitching for Rio Grande Rattlesnake : RHP Bryce Davis
Pitching: RHP Bryce Davis
Batting: RHB Peter Sexton 0-0: Foul Ball, location: 2F
0-1: SINGLE (Groundball, 56D)
Batting: RHB Emílio Salas 0-0: Foul Ball, location: 2F
0-1: Grounds into double play, 6-4-3 (Groundball, 6)
Batting: LHB Marvin Morris 0-0: Called Strike
0-1: Swinging Strike
0-2: Foul Ball, location: 2F
0-2: Strikes out swinging
Top of the 1st over - 0 run(s), 1 hit(s), 0 error(s), 0 left on base; Newark 0 - Rio Grande 0
BOTTOM OF THE 1ST
Rio Grande Rattlesnake batting - Pitching for Newark Bulldogs : LHP Pedro Orozco
Pitching: LHP Pedro Orozco
Batting: RHB Jaime Delgado 0-0: Ball
1-0: Bunt for hit - play at first, batter OUT! 3-4
Batting: LHB Claudio Rodríguez 0-0: Called Strike
0-1: Foul Ball, location: 2F
0-2: Foul Ball, location: 2F
0-2: Ball
1-2: Ball
2-2: Foul Ball, location: 2F
2-2: Ball
3-2: Foul Ball, location: 2F
3-2: Ground out 3-1 (Groundball, 34)
Batting: RHB Hollis Wood 0-0: Called Strike
0-1: Ball
1-1: Ground out 6-3 (Groundball, 6)
Bottom of the 1st over - 0 run(s), 0 hit(s), 0 error(s), 0 left on base; Newark 0 - Rio Grande 0
TOP OF THE 2ND
Newark Bulldogs batting - Pitching for Rio Grande Rattlesnake : RHP Bryce Davis
Batting: LHB Gabriel Aragón 0-0: Ball
1-0: Foul Ball, location: 2F
1-1: Ball
2-1: Foul Ball, location: 2F
2-2: Ball
3-2: Fly out, F9 (Flyball, 9D)
Batting: RHB Tony Long 0-0: Swinging Strike
0-1: Ball
1-1: Foul Ball, location: 2F
1-2: Ball
2-2: Ball
3-2: Base on Balls
Batting: LHB Wes Stone 0-0: Ball
1-0: Ball
2-0: Called Strike
2-1: Swinging Strike
2-2: Fielders Choice at 2nd, 4-6 (Groundball, 34)
Batting: LHB Wes Thompson 0-0: Ball
1-0: Foul Ball, location: 2F
1-1: Called Strike
1-2: Ground out 1-3 (Groundball, P)
Top of the 2nd over - 0 run(s), 0 hit(s), 0 error(s), 1 left on base; Newark 0 - Rio Grande 0
BOTTOM OF THE 2ND
Rio Grande Rattlesnake batting - Pitching for Newark Bulldogs : LHP Pedro Orozco
Batting: RHB Jeff Bane 0-0: Ground out 4-3 (Groundball, 4)
Batting: RHB Juan López 0-0: Ball
1-0: SOLO HOME RUN (Line Drive, 7D), Distance : 360 ft
Batting: RHB Doug Delaney 0-0: Ball
1-0: Foul Ball, location: 2F
1-1: Foul Ball, location: 2F
1-2: Ball
2-2: Ball
3-2: Base on Balls
Batting: RHB Gilberto Silva 0-0: Ball
1-0: SINGLE (Groundball, 6MD)
Doug Delaney to second
Batting: RHB Manny Moreno 0-0: Ball
1-0: Foul Ball, location: 2F
1-1: Foul Ball, location: 2F
1-2: Ball
2-2: Foul Ball, location: 2F
2-2: SINGLE (Line Drive, 5D)
Doug Delaney to third
Gilberto Silva to second
Runner from 3rd tries for Home, SAFE, no throw
Batting: SHB Jeremy Holmes 0-0: Ball
1-0: Ball
2-0: Reached via error on a dropped throw, E4
Gilberto Silva to third
Manny Moreno to second
Batting: RHB Jaime Delgado 0-0: Swinging Strike
0-1: SINGLE (Groundball, 25) (infield hit)
Gilberto Silva scores
Manny Moreno to third
Jeremy Holmes to second
Batting: LHB Claudio Rodríguez 0-0: Called Strike
0-1: Foul Ball, location: 2F
0-2: Strikes out looking
Batting: RHB Hollis Wood 0-0: Ball
1-0: Foul Ball, location: 2F
1-1: Called Strike
1-2: Ball
2-2: Ball
3-2: Fly out, F6 (Flyball, 6MD)
Bottom of the 2nd over - 3 run(s), 4 hit(s), 1 error(s), 3 left on base; Newark 0 - Rio Grande 3
TOP OF THE 3RD
Newark Bulldogs batting - Pitching for Rio Grande Rattlesnake : RHP Bryce Davis
Batting: RHB Joe Baker 0-0: SINGLE (Flyball, 7LS)
Batting: RHB Wilson Flores 0-0: Called Strike
0-1: Called Strike
0-2: Ball
1-2: Strikes out looking
Batting: RHB Peter Sexton 0-0: Fly out, F4 (Line Drive, 4M)
Lined into DP, 4-3 (Line Drive, 4M)
Top of the 3rd over - 0 run(s), 1 hit(s), 0 error(s), 0 left on base; Newark 0 - Rio Grande 3
BOTTOM OF THE 3RD
Rio Grande Rattlesnake batting - Pitching for Newark Bulldogs : LHP Pedro Orozco
Batting: RHB Jeff Bane 0-0: Ball
1-0: Ball
2-0: Fly out, F6 (Line Drive, 6)
Batting: RHB Juan López 0-0: Ball
1-0: Ball
2-0: Called Strike
2-1: Ball
3-1: Base on Balls
Batting: RHB Doug Delaney 0-0: Ball
1-0: Foul Ball, location: 2F
1-1: Ball
2-1: Foul Ball, location: 2F
2-2: DOUBLE (Line Drive, 9)
Juan López to third
Juan López scores
Batting: RHB Gilberto Silva 0-0: Ground out 4-3 (Groundball, 34)
Doug Delaney to third
Batting: RHB Manny Moreno 0-0: SINGLE (Line Drive, 56S)
Doug Delaney scores
Batting: SHB Jeremy Holmes 0-0: Ball
Manny Moreno steals 2nd base
1-0: SINGLE (Groundball, 4MD)
Manny Moreno to third
Runner from 3rd tries for Home, SAFE, no throw
Pitching: LHP Josh Wall
Batting: RHB Jaime Delgado 0-0: Called Strike
0-1: Ball
1-1: Called Strike
1-2: Foul Ball, location: 2F
1-2: 2-RUN HOME RUN (Flyball, 8RXD), Distance : 424 ft
Batting: LHB Claudio Rodríguez 0-0: Foul Ball, location: 2F
0-1: Swinging Strike
0-2: Ball
1-2: Strikes out swinging
Bottom of the 3rd over - 5 run(s), 4 hit(s), 0 error(s), 0 left on base; Newark 0 - Rio Grande 8
TOP OF THE 4TH
Newark Bulldogs batting - Pitching for Rio Grande Rattlesnake : RHP Bryce Davis
Batting: RHB Emílio Salas 0-0: Ball
1-0: Ball
2-0: Called Strike
2-1: Fly out, F7 (Flyball, 78S)
Batting: LHB Marvin Morris 0-0: Foul Ball, location: 2F
0-1: Foul Ball, location: 2F
0-2: Foul Ball, location: 2F
0-2: Ball
1-2: Foul Ball, location: 2F
1-2: Strikes out swinging
Batting: LHB Gabriel Aragón 0-0: Ball
1-0: Foul Ball, location: 2F
1-1: Foul Ball, location: 2F
1-2: Strikes out swinging
Top of the 4th over - 0 run(s), 0 hit(s), 0 error(s), 0 left on base; Newark 0 - Rio Grande 8
BOTTOM OF THE 4TH
Rio Grande Rattlesnake batting - Pitching for Newark Bulldogs : LHP Josh Wall
Batting: RHB Hollis Wood 0-0: Foul Ball, location: 2F
0-1: Called Strike
0-2: Ball
1-2: Strikes out swinging
Batting: RHB Jeff Bane 0-0: Ball
1-0: Ground out 4-3 (Groundball, 4MS)
Batting: RHB Juan López 0-0: SINGLE (Line Drive, 8LS)
Batting: RHB Doug Delaney 0-0: Ball
1-0: Ball
2-0: Ball
3-0: Called Strike
3-1: Base on Balls
Juan López to second
Batting: RHB Gilberto Silva 0-0: Fly out, F4 (Popup, 4D)
Bottom of the 4th over - 0 run(s), 1 hit(s), 0 error(s), 2 left on base; Newark 0 - Rio Grande 8
TOP OF THE 5TH
Newark Bulldogs batting - Pitching for Rio Grande Rattlesnake : RHP Bryce Davis
Batting: RHB Tony Long 0-0: Called Strike
0-1: Foul Ball, location: 2F
0-2: Ball
1-2: Strikes out swinging
Batting: LHB Wes Stone 0-0: Called Strike
0-1: Swinging Strike
0-2: Ball
1-2: Strikes out swinging
Batting: LHB Wes Thompson 0-0: Ball
1-0: Foul Ball, location: 2F
1-1: Fly out, F3 (Line Drive, 34)
Top of the 5th over - 0 run(s), 0 hit(s), 0 error(s), 0 left on base; Newark 0 - Rio Grande 8
BOTTOM OF THE 5TH
Rio Grande Rattlesnake batting - Pitching for Newark Bulldogs : LHP Josh Wall
Batting: RHB Manny Moreno 0-0: Swinging Strike
0-1: Foul Ball, location: 2F
0-2: Ball
1-2: Strikes out swinging
Batting: SHB Jeremy Holmes 0-0: Called Strike
0-1: Ball
1-1: SINGLE (Groundball, 56D)
Batting: RHB Jaime Delgado 0-0: Called Strike
0-1: SINGLE (Line Drive, 4D)
Jeremy Holmes to second
Batting: LHB Claudio Rodríguez 0-0: Foul Ball, location: 2F
0-1: Ball
1-1: Foul Ball, location: 2F
1-2: Ball
2-2: 3-RUN HOME RUN (Flyball, 89XD), Distance : 395 ft
Pitching: RHP Chris Johns
Batting: RHB Hollis Wood 0-0: Called Strike
0-1: Ball
1-1: Called Strike
1-2: Foul Ball, location: 2F
1-2: Foul Ball, location: 2F
1-2: Ground out 6-3 (Groundball, 6)
Batting: RHB Jeff Bane 0-0: Called Strike
0-1: Ball
1-1: Swinging Strike
1-2: Ball
2-2: Foul Ball, location: 2F
2-2: Foul Ball, location: 2F
2-2: Ground out 3-1 (Groundball, 34)
Bottom of the 5th over - 3 run(s), 3 hit(s), 0 error(s), 0 left on base; Newark 0 - Rio Grande 11
TOP OF THE 6TH
Newark Bulldogs batting - Pitching for Rio Grande Rattlesnake : RHP Bryce Davis
Batting: RHB Joe Baker 0-0: Ball
1-0: Called Strike
1-1: Swinging Strike
1-2: Ball
2-2: Foul Ball, location: 2F
2-2: Strikes out looking
Batting: RHB Wilson Flores 0-0: Called Strike
0-1: Ball
1-1: Ball
2-1: Ball
3-1: Swinging Strike
3-2: Foul Ball, location: 2F
3-2: Strikes out swinging
Batting: RHB Peter Sexton 0-0: Ball
1-0: Ball
2-0: Ball
3-0: Called Strike
3-1: Base on Balls
Batting: RHB Emílio Salas 0-0: Called Strike
0-1: Foul Ball, location: 2F
0-2: Fly out, F7 (Flyball, 7LMF)
Top of the 6th over - 0 run(s), 0 hit(s), 0 error(s), 1 left on base; Newark 0 - Rio Grande 11
BOTTOM OF THE 6TH
Rio Grande Rattlesnake batting - Pitching for Newark Bulldogs : RHP Chris Johns
Batting: RHB Juan López 0-0: Ball
1-0: Foul Ball, location: 2F
1-1: SINGLE (Line Drive, 7LM)
Batting: RHB Doug Delaney 0-0: Called Strike
0-1: Called Strike
0-2: Ball
Throwing error on steal attempt, E2
Juan López to third
1-2: Fly out, F9 (Flyball, 89M)
Runner from 3rd tags up, SCORES, throw made
Batting: RHB Gilberto Silva 0-0: Ball
1-0: Called Strike
1-1: Foul Ball, location: 2F
1-2: Strikes out swinging
Batting: RHB Manny Moreno 0-0: Called Strike
0-1: Ball
1-1: Ball
2-1: Ground out 5-3 (Groundball, 56)
Bottom of the 6th over - 1 run(s), 1 hit(s), 1 error(s), 0 left on base; Newark 0 - Rio Grande 12
TOP OF THE 7TH
Newark Bulldogs batting - Pitching for Rio Grande Rattlesnake : RHP Bryce Davis
Batting: LHB Marvin Morris 0-0: Ball
1-0: Ball
2-0: Ball
3-0: Called Strike
3-1: SOLO HOME RUN (Flyball, 9D), Distance : 373 ft
Batting: LHB Gabriel Aragón 0-0: Foul Ball, location: 2F
0-1: DOUBLE (Line Drive, 9D)
Pitching: RHP Neil Snow
Batting: RHB Tony Long 0-0: Foul Ball, location: 2F
0-1: Ground out 5-3 (Groundball, 56)
Batting: LHB Wes Stone 0-0: Ball
1-0: Called Strike
1-1: Fly out, F7 (Flyball, 7)
Batting: LHB Wes Thompson 0-0: Swinging Strike
0-1: Ball
1-1: Foul Ball, location: 2F
1-2: Ground out 5-3 (Groundball, 56)
Top of the 7th over - 1 run(s), 2 hit(s), 0 error(s), 1 left on base; Newark 1 - Rio Grande 12
BOTTOM OF THE 7TH
Rio Grande Rattlesnake batting - Pitching for Newark Bulldogs : RHP Chris Johns
Batting: SHB Jeremy Holmes 0-0: Called Strike
0-1: Ball
1-1: Ball
2-1: Called Strike
2-2: SINGLE (Groundball, 34D)
Batting: RHB Jaime Delgado 0-0: Called Strike
0-1: Ground out 6-3 (Groundball, 6S)
Jeremy Holmes to second
Batting: LHB Claudio Rodríguez 0-0: Foul Ball, location: 2F
0-1: DOUBLE (Line Drive, 89XD)
Jeremy Holmes scores
Pitching: RHP Jesús Salazar
Batting: RHB Hollis Wood 0-0: Ground out 4-3 (Groundball, 4M)
Claudio Rodríguez to third
Batting: RHB Jeff Bane 0-0: Ball
1-0: Ball
2-0: Ground out 3-1 (Groundball, 34S)
Bottom of the 7th over - 1 run(s), 2 hit(s), 0 error(s), 1 left on base; Newark 1 - Rio Grande 13
TOP OF THE 8TH
Newark Bulldogs batting - Pitching for Rio Grande Rattlesnake : RHP Neil Snow
Now at C: Cristián Román
Batting: RHB Joe Baker 0-0: SINGLE (Flyball, 8RS)
Batting: RHB Wilson Flores 0-0: Swinging Strike
0-1: Swinging Strike
0-2: Ball
1-2: Foul Ball, location: 2F
1-2: Strikes out swinging
Batting: RHB Peter Sexton 0-0: Fly out, F8 (Flyball, 8LM)
Batting: RHB Emílio Salas 0-0: Ball
1-0: Foul Ball, location: 2F
1-1: Foul Ball, location: 2F
1-2: DOUBLE (Line Drive, 78M)
Joe Baker to third
Batting: LHB Marvin Morris 0-0: Ball
1-0: Called Strike
1-1: 3-RUN HOME RUN (Flyball, 9LD), Distance : 326 ft
Batting: LHB Gabriel Aragón 0-0: Ball
1-0: Fly out, F8 (Flyball, 89M)
Top of the 8th over - 3 run(s), 3 hit(s), 0 error(s), 0 left on base; Newark 4 - Rio Grande 13
BOTTOM OF THE 8TH
Rio Grande Rattlesnake batting - Pitching for Newark Bulldogs : RHP Jesús Salazar
Batting: RHB Juan López 0-0: SINGLE (Line Drive, 78S)
Batting: RHB Doug Delaney 0-0: Called Strike
0-1: Foul Ball, location: 2F
0-2: Ball
1-2: Ball
2-2: Strikes out looking
Batting: RHB Gilberto Silva 0-0: Called Strike
0-1: Foul Ball, location: 2F
0-2: Foul Ball, location: 2F
0-2: Foul Ball, location: 2F
0-2: Ball
1-2: Ball
Juan López steals 2nd base
2-2: Strikes out swinging
Batting: RHB Manny Moreno 0-0: Ball
1-0: Called Strike
1-1: Called Strike
1-2: Fly out, F4 (Line Drive, 4)
Bottom of the 8th over - 0 run(s), 1 hit(s), 0 error(s), 1 left on base; Newark 4 - Rio Grande 13
TOP OF THE 9TH
Newark Bulldogs batting - Pitching for Rio Grande Rattlesnake : RHP Neil Snow
Now in RF: William Daly
Batting: RHB Tony Long 0-0: Ball
1-0: Fly out, F7 (Flyball, 78S)
Batting: LHB Wes Stone 0-0: Ball
1-0: Called Strike
1-1: Fly out, F3 (Popup, 34)
Batting: LHB Wes Thompson 0-0: Called Strike
0-1: Ball
1-1: Foul Ball, location: 2F
1-2: Foul Ball, location: 2F
1-2: Ball
2-2: Fly out, F8 (Flyball, 8RM)
Top of the 9th over - 0 run(s), 0 hit(s), 0 error(s), 0 left on base; Newark 4 - Rio Grande 13
Tuesday, August 8th, 2017 - OOTP Baseball 17.12 Build 75